 Dungeon Crawl Stone Soup version 0.30-a0-715-gdb4ae3ece1 (webtiles) character file.

Game seed: 3690488181996129290

73 avis the Chiller (level 3, -3/28 HPs)
             Began as a Demigod Ice Elementalist on Jan 25, 2023.
             Constricted to death by Natasha (4 damage)
             ... on level 2 of the Dungeon.
             The game lasted 00:09:48 (1731 turns).

avis the Chiller (Demigod Ice Elementalist)         Turns: 1731, Time: 00:09:49

Health: -3/28      AC:  2    Str:  9    XL:     3   Next: 83%
Magic:  9/9        EV:  9    Int: 17    God:
Gold:   67         SH:  4    Dex: 18    Spells: 0/7 levels left

rFire   . . .      SeeInvis .    b - +0 sling
rCold   . . .      Faith    .    n - +0 buckler
rNeg    . . .      Spirit   .    d - +0 robe
rPois   .          Reflect  .    (no helmet)
rElec   .          Harm     .    (no cloak)
rCorr   .          Rampage  .    (no gloves)
Will    .....                    (no boots)
Stlth   ++                       (no amulet)
HPRegen 0.24/turn                (no ring)
MPRegen 0.11/turn                (no ring)

@: grasped by roots, constricted
A: high MP 1, forlorn, divine attributes
a: no special abilities


You were on level 2 of the Dungeon.
You visited 1 branch of the dungeon, and saw 2 of its levels.

You collected 67 gold pieces.

Inventory:

Hand Weapons
 a - a +0 short sword
 b - a +0 sling (weapon)
 i - a +0 spear
Missiles
 k - 3 throwing nets
 q - 2 boomerangs
Armour
 d - a +0 robe (worn)
 n - a +0 buckler (worn)
Scrolls
 c - a scroll of enchant weapon {unknown}
 e - 4 scrolls of identify {unknown}
 g - a scroll of brand weapon {unknown}
 m - a scroll of vulnerability {unknown}
 o - a scroll of amnesia {unknown}
 p - a scroll of teleportation {unknown}
 s - a scroll of immolation {unknown}
Potions
 f - a potion of heal wounds {unknown}
 h - a potion of flight {unknown}
 j - a potion of ambrosia {unknown}
 l - a potion of degeneration {unknown}
 r - a potion of magic
 t - a potion of attraction {unknown}
 u - a potion of mutation {unknown}


   Skills:
 - Level 1.0 Fighting
 - Level 2.0 Dodging
 - Level 2.0 Stealth
 - Level 2.5 Spellcasting
 * Level 4.3 Ice Magic


You couldn't memorise any spells.
You knew the following spells:

 Your Spells              Type           Power      Damage    Failure   Level
a - Freeze                Ice            68%        1d8       4%          1
o - Ozocubu's Armour      Ice            17%        N/A       12%         3
r - Frozen Ramparts       Ice            34%        1d6       12%         3

Your spell library contained the following spells:

 Spells                   Type           Power      Damage    Failure   Level
 Apportation              Tloc           4%         N/A       26%         1
 Beastly Appendage        Tmut           4%         N/A       26%         1
 Necrotise                Necr           8%         1d4       26%         1
 Summon Small Mammal      Summ           8%         N/A       26%         1
 Wereblood                Tmut           2%         N/A       36%         2
 Spider Form              Tmut/Pois      2%         N/A       58%         3
 Summon Ice Beast         Ice/Summ       9%         N/A       71%         4
 Summon Lightning Spire   Summ/Air       2%         N/A       94%         4
 Storm Form               Tmut/Air       1%         N/A       100%        7
 Maxwell's Capacitive Co  Air            1%         ∞         100%        8


Dungeon Overview and Level Annotations

Branches:
Dungeon (2/15)

Shops:
D:2 =

Annotations:
D:2 Natasha


Innate Abilities, Weirdness & Mutations

You have an increased reservoir of magic. (+10% MP)
You shall have no god before yourself.
Your divine heritage dramatically boosts your attributes as you level up.


Message History

Press: ? - help, Q - select action, (/) - cycle Shift-Dir - straight line, f/p - Natasha
Aim: Natasha, carrying a wand of roots (9) (50% to hit)
You shoot a sling bullet. The sling bullet barely misses Natasha.
Natasha casts a spell.
Fire: b) +0 sling
Press: ? - help, Q - select action, (/) - cycle Shift-Dir - straight line, f/p - Natasha
Aim: Natasha, carrying a wand of roots (9) (50% to hit)
You shoot a sling bullet. The sling bullet hits Natasha.
Natasha is lightly wounded.
Natasha mumbles some strange words.
The crimson imp blinks!
Fire: b) +0 sling
Press: ? - help, Q - select action, (/) - cycle Shift-Dir - straight line, f/p - Natasha
Aim: Natasha, carrying a wand of roots (9) (lightly wounded, 50% to hit)
You shoot a sling bullet. The sling bullet hits Natasha.
Natasha is moderately wounded.
The crimson imp hits you.
Natasha zaps a wand.
The roots erupt in riotous growth!
The grasping roots grab you!
The crimson imp is unaffected.
The grasping roots constrict you.
Fire: b) +0 sling
Press: ? - help, Q - select action, (/) - cycle Shift-Dir - straight line, f/p - Natasha
Aim: Natasha, carrying a wand of roots (8) (moderately wounded, 50% to hit)
You shoot a sling bullet. The sling bullet hits Natasha!
Natasha is severely wounded.
The crimson imp grinds its teeth.
The crimson imp hits you. The grasping roots constrict you. x2
The crimson imp hits you.
Fire: b) +0 sling
Press: ? - help, Q - select action, (/) - cycle Shift-Dir - straight line, f/p - Natasha
Aim: Natasha, carrying a wand of roots (8) (severely wounded, 50% to hit)
You shoot a sling bullet.
The sling bullet hits Natasha but does no damage.
Natasha is severely wounded.
The grasping roots constrict you. The crimson imp closely misses you.
Natasha growls.
Natasha claws you!
* * * LOW HITPOINT WARNING * * *
The grasping roots constrict you.
You die...

#..P....#####..##....
##.P♣...## #..##.###
#P.P♣.P.## #..##.###
##..♣♣.♣.# #..##†##.
##..♣P..###..##.#.#
#######..♣♣♣..##.......#
#.....##..P.P..........#
#.....##....PP#.#.#..##.
#......@5..#.P.......###
#.....##h.##..#<#.#.## #
#.....##............#
###.####.###..####### #.
#5# #..# #. #.# #..# ##
# #.. #..#########. ##.
#..)..<......
#.###.#.♣..#.


You could see Natasha and 2 crimson imps.

Vanquished Creatures
  Natasha (D:2)
  A gnoll (D:1)
  A worm (D:2)
  2 dart slugs
  An orc (D:1)
  5 bats
  3 endoplasms (D:2)
  A giant cockroach (D:1)
  A goblin (D:1)
  A hobgoblin (D:1)
  2 quokkas (D:1)
  2 ball pythons (D:1)
  3 frilled lizards
  4 kobolds
  6 rats
34 creatures vanquished.

Vanquished Creatures (others)
  13 plants (D:2)
13 creatures vanquished.

Grand Total: 47 creatures vanquished

Notes
Turn   | Place    | Note
-------+----------+-------------------------------------------
     0 | D:1      | avis the Demigod Ice Elementalist began the quest for the
                  | Orb.
     0 | D:1      | Reached XP level 1. HP: 14/14 MP: 5/5
   300 | D:1      | Reached skill level 4 in Ice Magic
   427 | D:1      | Reached XP level 2. HP: 20/20 MP: 7/7
  1050 | D:2      | Reached XP level 3. HP: 25/27 MP: 4/9
  1096 | D:2      | Learned a level 3 spell: Frozen Ramparts
  1100 | D:2      | Learned a level 3 spell: Ozocubu's Armour
  1146 | D:2      | Reached skill level 1 in Fighting
  1235 | D:2      | Found Tifoadoj's Jewellery Shop.
  1304 | D:2      | Noticed Natasha
  1315 | D:2      | Killed Natasha
  1725 | D:2      | Noticed Natasha
  1731 | D:2      | HP: 1/28 [Natasha (8)]
  1731 | D:2      | Constricted to death by Natasha

Illustrated notes

Levels and vault maps discovered:
D:1:      co_arrival_square_in_a_square_in_a_square, layout_basic
D:2:      layout_loops_ring, serial_shops, shop, serial_forest,
          infiniplex_forest_clump_curved, infiniplex_forest_clump_C,
          infiniplex_forest_clump_small, infiniplex_forest_clump_long,
          infiniplex_forest_clump_diagonal, infiniplex_forest_lined_corner,
          infiniplex_forest_clump_long, uniq_natasha

Skill      XL: |  1  2  3 |
---------------+----------+-----
Ice Magic      | 4 |  4.3
Spellcasting   | 2 |  2.5
Fighting       | 1 |  1.0
Dodging        | 2 |  2.0
Stealth        | 2 |  2.0

Action                     || total
---------------------------++-------
  Melee: Short sword       ||     5
   Fire: Sling             ||    22
   Cast: Freeze            ||    41
         Ozocubu's Armour  ||     1
   Stab: Sleeping          ||     5
 Armour: Robe              ||     2
  Dodge: Dodged            ||    16
  Block: Buckler           ||     3

Table legend: (Time is in decaauts)
 A = Elapsed time spent in this place.
 B = Non-inter-level travel time spent in this place.
 C = Inter-level travel time spent in this place.
 D = Time resting spent in this place.
 E = Time spent auto-exploring this place.
 F = Levels seen in this place.
 G = Mean time per level.
                   A        B        C        D        E       F      G
               +--------+--------+--------+--------+--------+-----+--------+
         Total |   1740 |   1640 |    100 |    492 |    755 |   2 |  870.0 |
       Dungeon |   1740 |   1640 |    100 |    492 |    755 |   2 |  870.0 |
               +--------+--------+--------+--------+--------+-----+--------+

Top non-repeatable levels by time:
     D:1: 1018 daAuts
     D:2: 722 daAuts
